 Dungeon Crawl Stone Soup version 0.13-a0-2960-g2f00e6d (webtiles) character file.

164 Edwin the Shooter (level 2, 0/18 HPs)
             Began as a High Elf Arcane Marksman on Sept 6, 2013.
             Killed by divine providence
             ... invoked by an orc priest
              (7 damage)
             ... on Level 1 of the Dungeon.
             The game lasted 00:03:03 (1356 turns).

Edwin the Shooter (High Elf Arcane Marksman)        Turns: 1356, Time: 00:03:04

HP   0/18        AC  2     Str 10      XL: 2   Next: 86%
MP   4/4         EV 13     Int 16      God:
Gold 139         SH  0     Dex 14      Spells:  1 memorised,  4 levels left

Res.Fire  : . . .   See Invis. : .   l - +0 short sword
Res.Cold  : . . .   Warding    : .   a - +0 elf robe
Life Prot.: . . .   Conserve   : .   (no shield)
Res.Poison: .       Res.Corr.  : .   (no helmet)
Res.Elec. : .       Clarity    : .   (no cloak)
Sust.Abil.: . .     Spirit.Shd : .   (no gloves)
Res.Mut.  : .       Stasis     : .   (no boots)
Res.Rott. : .       Flight     : .   (no amulet)
Saprovore : . . .                    (no ring)
                                     (no ring)

@: not resistant to hostile enchantments, unstealthy
A: no striking features
a: no special abilities


You were on level 1 of the Dungeon.
You were very hungry.

You visited 1 branch of the dungeon, and saw 2 of its levels.

You collected 89 gold pieces.

Inventory:

Hand weapons
 b - a +0,+0 elven bow
 l - a +0,+0 short sword (weapon)
Missiles
 c - 50 arrows
 n - 16 arrows of frost
 o - 4 arrows of flame
Armour
 a - a +0 elven robe (worn)
Comestibles
 f - a bread ration
Scrolls
 g - a scroll of enchant weapon II {unknown}
 h - a scroll of enchant armour {unknown}
 i - 6 scrolls of identify {unknown}
 j - a scroll of teleportation {unknown}
 k - a scroll of curse armour {unknown}
Potions
 e - a potion of flight {unknown}
 m - 2 potions of invisibility {unknown}
 p - a potion of speed {unknown}
Books
 d - a book of Debilitation

   Spells                             Type                      Level
   *Corona                            Hexes                        1
   Slow                               Hexes                        2
   Inner Flame                        Hexes/Fire                   3
   Enslavement                        Hexes                        4
   Cause Fear                         Hexes                        4
   Leda's Liquefaction                Hexes/Earth                  4


   Skills:
 + Level 1.8 Fighting
 + Level 0.2 Short Blades
 + Level 3.4 Bows
 + Level 2.7 Dodging
 - Level 2.4 Spellcasting
 - Level 3.0 Hexes


You had 4 spell levels left.
You knew the following spells:

 Your Spells              Type           Power        Failure   Level  Hunger
a - Corona                Hex            ##.....      8%          1    #......


Dungeon Overview and Level Annotations

Branches:
Dungeon (2/27)

Altars:


Message History

There is a staircase leading out of the dungeon here.
There is a stone staircase leading down here.
You start resting.
You are feeling very hungry.
You start resting.
An orc comes into view. It is wielding an orcish flail.
The orc shouts!
There is a staircase leading out of the dungeon here.
The jelly quivers.
You closely miss the orc. The orc closely misses you.
You hit the orc.
The orc is severely wounded.
The orc hits you with an orcish flail!
Ouch! That really hurt!
An orc priest comes into view. It is wielding an orcish flail.
You hit the orc.
You kill the orc!
The orc priest mumbles some strange prayers to Beogh against you.
Something smites you!
You die...

# #.#........# #.####..#.# #
#.#.#.###### #.# #..#.# # #.....#
#.# #....# # ###.#.####### #.#
#.##.## #
#...#.......#######.####...... #
#................%#.........##
#.###'#######+###..########.#
#.#..⌠...>...⌠..#..##### ##.## ##
#.#.....<<<..@..#......###.... .#
#.+⌠....###....⌠o..###........
.###.#..........(..#.## ####.....
...#.#######+#######.######......
...#.# ...JJ.. #.............
...#.# ......s.... #..###........
.....#.............#.## #......>.
...#.###############.# #........
.#>#...........(.....# ##.......


You could see an ooze, a jelly and an orc priest.

Vanquished Creatures
  An ooze (D:1)
  An orc (D:1)
  5 goblins (D:1)
  5 hobgoblins (D:1)
  4 kobolds (D:1)
  2 bats
  A giant newt (D:1)
  5 rats (D:1)
24 creatures vanquished.

Notes
Turn   | Place    | Note
--------------------------------------------------------------
     0 | D:1      | Edwin, the High Elf Arcane Marksman, began the quest for the Orb.
     0 | D:1      | Reached XP level 1. HP: 13/13 MP: 2/2
   179 | D:1      | Reached XP level 2. HP: 18/18 MP: 4/4
  1130 | D:1      | Noticed a jelly
  1356 | D:1      | Killed from afar by an orc priest

Action                   || total
-------------------------++-------
Melee: Short sword       ||    38
 Fire: Bow               ||    38
